Workbook

Sheet CE Prod. - Val. Agg. - MOL
A1: CONTO ECONOMICO A VALORE DELLA PRODUZIONE, VALORE AGGIUNTO E MARGINE OPERATIVO LORDO
A3: (in migliaia di Euro) | B3: 2008 | D3: 2009 | F3: 2010
B4: Importi | C4: % | D4: Importi | E4: % | F4: Importi | G4: %
A5: RICAVI NETTI:
A6: Ricavi vendite | B6: 124729 | C6: =B6/$B$10 -> 0.98976345 | D6: 157228 | E6: =D6/$D$10 -> 0.98650387 | F6: 189085 | G6: =F6/$F$10 -> 0.98402844
A7: Altri ricavi | B7: 1483 | C7: =B7/$B$10 -> 0.011768067 | D7: 1201 | E7: =D7/$D$10 -> 0.0075354971 | F7: 1581 | G7: =F7/$F$10 -> 0.0082277756
A8: Costi capitalizzati per lavori interni | B8: 0 | C8: =B8/$B$10 -> 0 | D8: 965 | E8: =D8/$D$10 -> 0.00605475 | F8: 1493 | G8: =F8/$F$10 -> 0.0077698096
A9: Δ lavori in corso su ordinazione | B9: -193 | C9: =B9/$B$10 -> -0.0015315151 | D9: -15 | E9: =D9/$D$10 -> -9.4115285e-05 | F9: -5 | G9: =F9/$F$10 -> -2.6020796e-05
A10: VALORE DELLA PRODUZIONE REALIZZATA | B10: =SUM(B6:B9) -> 126019 | C10: =B10/$B$10 -> 1 | D10: =SUM(D6:D9) -> 159379 | E10: =D10/$D$10 -> 1 | F10: =SUM(F6:F9) -> 192154 | G10: =F10/$F$10 -> 1
A11: Costi operativi | B11: =B12+B13+B14+B15+B16 -> 67260 | C11: =B11/$B$10 -> 0.53372904 | D11: =D12+D13+D14+D15+D16 -> 84517 | E11: =D11/$D$10 -> 0.53028944 | F11: =F12+F13+F14+F15+F16 -> 101743 | G11: =F11/$F$10 -> 0.52948677
A12: Acquisti di materiali | B12: 20728 | C12: =B12/$B$10 -> 0.16448313 | D12: 25782 | E12: =D12/$D$10 -> 0.16176535 | F12: 24842 | G12: =F12/$F$10 -> 0.12928172
A13: Δ rimanenze materie prime, di consumo e merci | B13: -1494 | C13: =B13/$B$10 -> -0.011855355 | D13: -1254 | E13: =D13/$D$10 -> -0.0078680378 | F13: 415 | G13: =F13/$F$10 -> 0.0021597261
A14: Costi per servizi | B14: 44786 | C14: =B14/$B$10 -> 0.35539085 | D14: 55511 | E14: =D14/$D$10 -> 0.34829557 | F14: 71492 | G14: =F14/$F$10 -> 0.37205575
A15: Godimento beni di terzi | B15: 2233 | C15: =B15/$B$10 -> 0.01771955 | D15: 1700 | E15: =D15/$D$10 -> 0.010666399 | F15: 2486 | G15: =F15/$F$10 -> 0.01293754
A16: Oneri diversi di gestione | B16: 1007 | C16: =B16/$B$10 -> 0.0079908585 | D16: 2778 | E16: =D16/$D$10 -> 0.017430151 | F16: 2508 | G16: =F16/$F$10 -> 0.013052031
A17: VALORE AGGIUNTO LORDO | B17: =B10-B11 -> 58759 | C17: =B17/$B$10 -> 0.46627096 | D17: =D10-D11 -> 74862 | E17: =D17/$D$10 -> 0.46971056 | F17: =F10-F11 -> 90411 | G17: =F17/$F$10 -> 0.47051323
A18: Costi del personale | B18: =SUM(B19:B23) -> 43623 | C18: =B18/$B$10 -> 0.34616209 | D18: =SUM(D19:D23) -> 55528 | E18: =D18/$D$10 -> 0.34840224 | F18: =SUM(F19:F23) -> 69107 | G18: =F18/$F$10 -> 0.35964383
A19: Salari e stipendi | B19: 32119 | C19: =B19/$B$10 -> 0.25487426 | D19: 40930 | E19: =D19/$D$10 -> 0.25680924 | F19: 51161 | G19: =F19/$F$10 -> 0.26624999
A20: Costi di previdenza sociale | B20: 8557 | C20: =B20/$B$10 -> 0.067902459 | D20: 11002 | E20: =D20/$D$10 -> 0.069030424 | F20: 13598 | G20: =F20/$F$10 -> 0.070766156
A21: Costo pensionistico | B21: 399 | C21: =B21/$B$10 -> 0.0031661892 | D21: 183 | E21: =D21/$D$10 -> 0.0011482065 | F21: 177 | G21: =F21/$F$10 -> 0.00092113617
A22: TFR, quiescenza e simili | B22: 1178 | C22: =B22/$B$10 -> 0.0093477968 | D22: 1607 | E22: =D22/$D$10 -> 0.010082884 | F22: 2269 | G22: =F22/$F$10 -> 0.011808237
A23: Altri costi del personale | B23: 1370 | C23: =B23/$B$10 -> 0.010871377 | D23: 1806 | E23: =D23/$D$10 -> 0.01133148 | F23: 1902 | G23: =F23/$F$10 -> 0.0098983107
A24: MARGINE OPERATIVO LORDO | B24: =B17-B18 -> 15136 | C24: =B24/$B$10 -> 0.12010887 | D24: =D17-D18 -> 19334 | E24: =D24/$D$10 -> 0.12130833 | F24: =F17-F18 -> 21304 | G24: =F24/$F$10 -> 0.11086941
A25: Ammortamenti | B25: =B26+B27 -> 4833 | C25: =B25/$B$10 -> 0.03835136 | D25: =D26+D27 -> 6177 | E25: =D25/$D$10 -> 0.038756674 | F25: =F26+F27 -> 7441 | G25: =F25/$F$10 -> 0.038724148
A26: Materiali | B26: 2907 | C26: =B26/$B$10 -> 0.02306795 | D26: 3080 | E26: =D26/$D$10 -> 0.019325005 | F26: 3240 | G26: =F26/$F$10 -> 0.016861476
A27: Immateriali | B27: 1926 | C27: =B27/$B$10 -> 0.01528341 | D27: 3097 | E27: =D27/$D$10 -> 0.019431669 | F27: 4201 | G27: =F27/$F$10 -> 0.021862673
A28: Accantonamenti | B28: 216 | C28: =B28/$B$10 -> 0.0017140272 | D28: 392 | E28: =D28/$D$10 -> 0.0024595461 | F28: 182 | G28: =F28/$F$10 -> 0.00094715697
A29: Svalutazioni | B29: 327 | C29: =B29/$B$10 -> 0.0025948468 | D29: 278 | E29: =D29/$D$10 -> 0.0017442699 | F29: 406 | G29: =F29/$F$10 -> 0.0021128886
A30: RISULTATO OPERATIVO | B30: =B24-B25-B28-B29 -> 9760 | C30: =B30/$B$10 -> 0.077448639 | D30: =D24-D25-D28-D29 -> 12487 | E30: =D30/$D$10 -> 0.078347838 | F30: =F24-F25-F28-F29 -> 13275 | G30: =F30/$F$10 -> 0.069085213
A31: Proventi finanziari | B31: 390 | C31: =B31/$B$10 -> 0.0030947714 | D31: 999 | E31: =D31/$D$10 -> 0.006268078 | F31: 731 | G31: =F31/$F$10 -> 0.0038042403
A32: Oneri finanziari | B32: 3220 | C32: =B32/$B$10 -> 0.025551703 | D32: 2488 | E32: =D32/$D$10 -> 0.015610589 | F32: 2862 | G32: =F32/$F$10 -> 0.014894304
A33: Rettifiche di attività finanziarie
A34: Rivalutazione partecipazioni in società collegate | B34: 0 | C34: =B34/$B$10 -> 0 | D34: 33 | E34: =D34/$D$10 -> 0.00020705363 | F34: 0 | G34: =F34/$F$10 -> 0
A35: Svalutazione partecipazioni in società collegate | B35: 26 | C35: =B35/$B$10 -> 0.00020631809 | D35: 0 | E35: =D35/$D$10 -> 0 | F35: 17 | G35: =F35/$F$10 -> 8.8470706e-05
A36: Reddito Ordinario Al Lordo Delle Imposte | B36: =B30+B31-B32-B35 -> 6904 | C36: =B36/$B$10 -> 0.05478539 | D36: =D30+D31-D32+D34 -> 11031 | E36: =D36/$D$10 -> 0.069212381 | F36: =F30+F31-F32-F35 -> 11127 | G36: =F36/$F$10 -> 0.057906679
A37: Imposte su Reddito Ordinario | B37: 3355 | C37: =B37/$B$10 -> 0.02662297 | D37: 5704 | E37: =D37/$D$10 -> 0.035788906 | F37: 3177 | G37: =F37/$F$10 -> 0.016533614
A38: Reddito Netto | B38: =B36-B37 -> 3549 | C38: =B38/$B$10 -> 0.02816242 | D38: =D36-D37 -> 5327 | E38: =D38/$D$10 -> 0.033423475 | F38: =F36-F37 -> 7950 | G38: =F38/$F$10 -> 0.041373065
A39: Risultato della gestione straordinaria | B39: =B40-B41 -> -800 | C39: =B39/$B$10 -> -0.0063482491 | D39: =D40-D41 -> -1100 | E39: =D39/$D$10 -> -0.0069017876 | F39: =F40-F41 -> -2000 | G39: =F39/$F$10 -> -0.010408318
A40: Proventi Straordinari | B40: 0 | C40: =B40/$B$10 -> 0 | D40: 0 | E40: =D40/$D$10 -> 0 | F40: 0 | G40: =F40/$F$10 -> 0
A41: Oneri Straordinari | B41: =B42 -> 800 | C41: =B41/$B$10 -> 0.0063482491 | D41: =D42+D35 -> 1100 | E41: =D41/$D$10 -> 0.0069017876 | F41: =F42 -> 2000 | G41: =F41/$F$10 -> 0.010408318
A42: Impairment avviamento | B42: 800 | C42: =B42/$B$10 -> 0.0063482491 | D42: 1100 | E42: =D42/$D$10 -> 0.0069017876 | F42: 2000 | G42: =F42/$F$10 -> 0.010408318
A44: REDDITO NETTO D'ESERCIZIO | B44: =SUM(B38,B39+2) -> 2751 | C44: =B44/$B$10 -> 0.021830042 | D44: =SUM(D38,D39) -> 4227 | E44: =D44/$D$10 -> 0.026521687 | F44: =SUM(F38,F39) -> 5950 | G44: =F44/$F$10 -> 0.030964747
A45: di cui:
A46: attribuibile a terzi | B46: -302 | C46: =B46/$B$10 -> -0.002396464 | D46: -507 | E46: =D46/$D$10 -> -0.0031810966 | F46: -358 | G46: =F46/$F$10 -> -0.001863089
A47: attribuibile al Gruppo | B47: =SUM(B44,B46) -> 2449 | C47: =B47/$B$10 -> 0.019433577 | D47: =SUM(D44,D46) -> 3720 | E47: =D47/$D$10 -> 0.023340591 | F47: =SUM(F44,F46) -> 5592 | G47: =F47/$F$10 -> 0.029101658

Sheet CE Val.Prod.e Val.Agg
A2: Conto Economico a valore della produzione e valore aggiunto | B2: 2008 | D2: 2009 | F2: 2010 | I2: =SUM(B11:B15) -> 67260
B3: Importi | C3: % | D3: Importi | E3: % | F3: Importi | G3: %
A4: RICAVI NETTI:
A5: Ricavi vendite | B5: 124729 | C5: =B5/$B$9 -> 0.98670981 | D5: 157228 | E5: =D5/$D$9 -> 0.98015722 | F5: 189085 | G5: =F5/$F$9 -> 0.98029914
A6: Altri ricavi | B6: =1483+390 -> 1873 | C6: =B6/$B$9 -> 0.014816983 | D6: =1201+999+33 -> 2233 | E6: =D6/$D$9 -> 0.013920492 | F6: =1581+731 -> 2312 | G6: =F6/$F$9 -> 0.011986417
A7: Costi capitalizzati per lavori interni | B7: 0 | C7: =B7/$B$9 -> 0 | D7: 965 | E7: =D7/$D$9 -> 0.0060157969 | F7: 1493 | G7: =F7/$F$9 -> 0.0077403634
A8: Δ lavori in corso su ordinazione | B8: -193 | C8: =B8/$B$9 -> -0.00152679 | D8: -15 | E8: =D8/$D$9 -> -9.3509797e-05 | F8: -5 | G8: =F8/$F$9 -> -2.5922182e-05
A9: VALORE DELLA PRODUZIONE REALIZZATA | B9: =SUM(B5:B8) -> 126409 | C9: =B9/$B$9 -> 1 | D9: =SUM(D5:D8) -> 160411 | E9: =D9/$D$9 -> 1 | F9: =SUM(F5:F8) -> 192885 | G9: =F9/$F$9 -> 1
A10: Costi operativi | B10: =B11+B12+B13+B14+B15 -> 67260 | C10: =B10/$B$9 -> 0.53208237 | D10: =D11+D12+D13+D14+D15 -> 84517 | E10: =D10/$D$9 -> 0.52687783 | F10: =F11+F12+F13+F14+F15 -> 101743 | G10: =F10/$F$9 -> 0.5274801
A11: Acquisti di materiali | B11: 20728 | C11: =B11/$B$9 -> 0.16397567 | D11: 25782 | E11: =D11/$D$9 -> 0.16072464 | F11: 24842 | G11: =F11/$F$9 -> 0.12879177
A12: Δ rimanenze materie prime, di consumo e merci | B12: -1494 | C12: =B12/$B$9 -> -0.011818779 | D12: -1254 | E12: =D12/$D$9 -> -0.007817419 | F12: 415 | G12: =F12/$F$9 -> 0.0021515411
A13: Costi per servizi | B13: 44786 | C13: =B13/$B$9 -> 0.35429439 | D13: 55511 | E13: =D13/$D$9 -> 0.34605482 | F13: 71492 | G13: =F13/$F$9 -> 0.37064572
A14: Godimento beni di terzi | B14: 2233 | C14: =B14/$B$9 -> 0.017664881 | D14: 1700 | E14: =D14/$D$9 -> 0.010597777 | F14: 2486 | G14: =F14/$F$9 -> 0.012888509
A15: Oneri diversi di gestione | B15: 1007 | C15: =B15/$B$9 -> 0.0079662049 | D15: 2778 | E15: =D15/$D$9 -> 0.017318014 | F15: 2508 | G15: =F15/$F$9 -> 0.013002566
A16: VALORE AGGIUNTO LORDO | B16: =B9-B10 -> 59149 | C16: =B16/$B$9 -> 0.46791763 | D16: =D9-D10 -> 75894 | E16: =D16/$D$9 -> 0.47312217 | F16: =F9-F10 -> 91142 | G16: =F16/$F$9 -> 0.4725199
A17: Ammortamenti | B17: =B18+B19 -> 4833 | C17: =B17/$B$9 -> 0.038233037 | D17: =D18+D19 -> 6177 | E17: =D17/$D$9 -> 0.038507334 | F17: =F18+F19 -> 7441 | G17: =F17/$F$9 -> 0.038577391
A18: Materiali | B18: 2907 | C18: =B18/$B$9 -> 0.02299678 | D18: 3080 | E18: =D18/$D$9 -> 0.019200678 | F18: 3240 | G18: =F18/$F$9 -> 0.016797574
A19: Immateriali | B19: 1926 | C19: =B19/$B$9 -> 0.015236257 | D19: 3097 | E19: =D19/$D$9 -> 0.019306656 | F19: 4201 | G19: =F19/$F$9 -> 0.021779817
A20: Accantonamenti | B20: 216 | C20: =B20/$B$9 -> 0.0017087391 | D20: 392 | E20: =D20/$D$9 -> 0.0024437227 | F20: 182 | G20: =F20/$F$9 -> 0.00094356741
A21: Svalutazioni | B21: 327 | C21: =B21/$B$9 -> 0.0025868411 | D21: 278 | E21: =D21/$D$9 -> 0.0017330482 | F21: 406 | G21: =F21/$F$9 -> 0.0021048811
A22: VALORE AGGIUNTO NETTO | B22: =B16-B17-B20-B21 -> 53773 | C22: =B22/$B$22 -> 1 | D22: =D16-D17-D20-D21 -> 69047 | E22: =D22/$D$22 -> 1 | F22: =F16-F17-F20-F21 -> 83113 | G22: =F22/$F$22 -> 1
A23: Remunerazione del lavoro | B23: =SUM(B24:B28) -> 43623 | C23: =B23/$B$22 -> 0.81124356 | D23: =SUM(D24:D28) -> 55528 | E23: =D23/$D$22 -> 0.80420583 | F23: =SUM(F24:F28) -> 69107 | G23: =F23/$F$22 -> 0.83148244
A24: Salari e stipendi | B24: 32119 | C24: =B24/$B$22 -> 0.5973072 | D24: 40930 | E24: =D24/$D$22 -> 0.59278462 | F24: 51161 | G24: =F24/$F$22 -> 0.61555954
A25: Costi di previdenza sociale | B25: 8557 | C25: =B25/$B$22 -> 0.15913191 | D25: 11002 | E25: =D25/$D$22 -> 0.15934074 | F25: 13598 | G25: =F25/$F$22 -> 0.16360858
A26: Costo pensionistico | B26: 399 | C26: =B26/$B$22 -> 0.0074200807 | D26: 183 | E26: =D26/$D$22 -> 0.0026503686 | F26: 177 | G26: =F26/$F$22 -> 0.0021296307
A27: TFR, quiescenza e simili | B27: 1178 | C27: =B27/$B$22 -> 0.021906905 | D27: 1607 | E27: =D27/$D$22 -> 0.023274002 | F27: 2269 | G27: =F27/$F$22 -> 0.027300182
A28: Altri costi del personale | B28: 1370 | C28: =B28/$B$22 -> 0.02547747 | D28: 1806 | E28: =D28/$D$22 -> 0.026156097 | F28: 1902 | G28: =F28/$F$22 -> 0.022884507
A29: Remunerazione del capitale | B29: =B31 -> 3246 | C29: =B29/$B$22 -> 0.060364867 | D29: =D31 -> 2488 | E29: =D29/$D$22 -> 0.036033427 | F29: =F31 -> 2879 | G29: =F29/$F$22 -> 0.034639587
A30: Utile destinato a dividendo | B30: 0 | C30: =B30/$B$22 -> 0 | D30: 0 | E30: =D30/$D$22 -> 0 | F30: 0 | G30: =F30/$F$22 -> 0
A31: interessi passivi | B31: 3246 | C31: =B31/$B$22 -> 0.060364867 | D31: 2488 | E31: =D31/$D$22 -> 0.036033427 | F31: 2879 | G31: =F31/$F$22 -> 0.034639587
A32: Remunerazione dello stato | B32: 3355 | C32: =B32/$B$22 -> 0.062391907 | D32: 5704 | E32: =D32/$D$22 -> 0.082610396 | F32: 3177 | G32: =F32/$F$22 -> 0.038225067
A33: Remunerazione della funzione imprenditoriale | B33: =B22-(B23+B29+B32) -> 3549 | C33: =B33/$B$22 -> 0.065999665 | D33: =D22-(D23+D29+D32) -> 5327 | E33: =D33/$D$22 -> 0.077150347 | F33: =F22-(F23+F29+F32) -> 7950 | G33: =F33/$F$22 -> 0.095652906
A34: Risultato della gestione straordinaria | B34: =B35-B36 -> -800 | C34: =B34/$B$22 -> -0.014877355 | D34: =D35-D36 -> -1100 | E34: =D34/$D$22 -> -0.015931177 | F34: =F35-F36 -> -2000 | G34: =F34/$F$22 -> -0.024063624
A35: Proventi Straordinari | B35: =0 -> 0 | C35: =B35/$B$22 -> 0 | D35: =0 -> 0 | E35: =D35/$D$22 -> 0 | F35: 0 | G35: =F35/$F$22 -> 0
A36: Oneri Straordinari | B36: =B37 -> 800 | C36: =B36/$B$22 -> 0.014877355 | D36: =D37 -> 1100 | E36: =D36/$D$22 -> 0.015931177 | F36: =F37 -> 2000 | G36: =F36/$F$22 -> 0.024063624
A37: Impairment avviamento | B37: 800 | C37: =B37/$B$22 -> 0.014877355 | D37: 1100 | E37: =D37/$D$22 -> 0.015931177 | F37: 2000 | G37: =F37/$F$22 -> 0.024063624
E38: =D38/$D$22 -> 0 | G38: =F38/$F$22 -> 0
A39: utile (perdita) terzi | B39: 302 | C39: =B39/$B$22 -> 0.0056162014 | D39: 507 | E39: =D39/$D$22 -> 0.0073428245 | F39: 358 | G39: =F39/$F$22 -> 0.0043073887
E40: =D40/$D$22 -> 0 | G40: =F40/$F$22 -> 0
A41: Utile del gruppo destinato a riserva | B41: 2449 | C41: =B41/$B$22 -> 0.045543302 | D41: 3720 | E41: =D41/$D$22 -> 0.053876345 | F41: 5592 | G41: =F41/$F$22 -> 0.067281893

Sheet Foglio di lavoro
A2: Voci | B2: 2018 | C2: 2019 | D2: Variazione | E2: Variazioni grezze | G2: n° | H2: Rettifiche CCN | J2: n° | K2: Flussi CCN | M2: n° | N2: Rettifiche CF | P2: n° | Q2: Flussi CF
E3: Impieghi | F3: Fonti | H3: Impieghi | I3: Fonti | K3: Impieghi | L3: Fonti | N3: Impieghi | O3: Fonti | Q3: Impieghi | R3: Fonti
A5: Disponibilità liquide | B5: ='SP (NON MODIFICARE)'!B5 -> 227706 | C5: ='SP (NON MODIFICARE)'!C5 -> 230609 | D5: =C5-B5 -> 2903
A6: Crediti commerciali | B6: ='SP (NON MODIFICARE)'!B7 -> 118142 | C6: ='SP (NON MODIFICARE)'!C7 -> 103471 | D6: =C6-B6 -> -14671
A7: Crediti tributari | B7: ='SP (NON MODIFICARE)'!B9 -> 28646 | C7: ='SP (NON MODIFICARE)'!C9 -> 29805 | D7: =C7-B7 -> 1159
A8: Altre attività commerciali | B8: ='SP (NON MODIFICARE)'!B10 -> 36635 | C8: ='SP (NON MODIFICARE)'!C10 -> 48706 | D8: =C8-B8 -> 12071
A9: Attività fiscali differite | B9: ='SP (NON MODIFICARE)'!B11 -> 58885 | C9: ='SP (NON MODIFICARE)'!C11 -> 50411 | D9: =C9-B9 -> -8474
A10: Rimanenze MP e Merci | B10: 54157 | C10: 50460 | D10: =C10-B10 -> -3697
A11: Rimanenze PF e Semilav. | B11: =281227+9385-52877 -> 237735 | C11: =291873-53706+10636 -> 248803 | D11: =C11-B11 -> 11068
A13: TOTALE ATTIVO CORRENTE | B13: =SUM(B5:B11) -> 761906 | C13: =SUM(C5:C11) -> 762265
D14: =C14-B14 -> 0
A15: ='SP (NON MODIFICARE)'!A40 -> Debiti commerciali | B15: ='SP (NON MODIFICARE)'!B40 -> 130804 | C15: ='SP (NON MODIFICARE)'!C40 -> 158388 | D15: =C15-B15 -> 27584
A16: ='SP (NON MODIFICARE)'!A42 -> Debiti tributari | B16: ='SP (NON MODIFICARE)'!B42 -> 8241 | C16: ='SP (NON MODIFICARE)'!C42 -> 7932 | D16: =C16-B16 -> -309
A17: Altre passività commericiali (servizi) | B17: ='SP (NON MODIFICARE)'!B43 -> 35859 | C17: ='SP (NON MODIFICARE)'!C43 -> 38205 | D17: =C17-B17 -> 2346
A18: ='SP (NON MODIFICARE)'!A44 -> Passività fiscali differite | B18: ='SP (NON MODIFICARE)'!B44 -> 32739 | C18: ='SP (NON MODIFICARE)'!C44 -> 37968 | D18: =C18-B18 -> 5229
D19: =C19-B19 -> 0
A20: TOTALE PASSIVITA' CORRENTI | B20: =SUM(B15:B18) -> 207643 | C20: =SUM(C15:C18) -> 242493
D21: =C21-B21 -> 0
A22: MATERIALI | D22: =C22-B22 -> 0
A23: Immobili e terreni | B23: ='SP (NON MODIFICARE)'!B17+1048 -> 115515 | C23: ='SP (NON MODIFICARE)'!C17 -> 109966 | D23: =C23-B23 -> -5549
D24: =C24-B24 -> 0
A25: Impianti e macchinari | B25: ='SP (NON MODIFICARE)'!B18 -> 12452 | C25: ='SP (NON MODIFICARE)'!C18 -> 21124 | D25: =C25-B25 -> 8672
A26: Attrezzature | B26: ='SP (NON MODIFICARE)'!B19 -> 12180 | C26: ='SP (NON MODIFICARE)'!C19 -> 10800 | D26: =C26-B26 -> -1380
A27: Opere su beni di terzi | B27: ='SP (NON MODIFICARE)'!B20 -> 40454 | C27: ='SP (NON MODIFICARE)'!C20 -> 34259 | D27: =C27-B27 -> -6195
A28: Altre Imm Materiali | B28: ='SP (NON MODIFICARE)'!B21 -> 37336 | C28: ='SP (NON MODIFICARE)'!C21 -> 32783 | D28: =C28-B28 -> -4553
A29: Immobilizzazioni FONTI | D29: =C29-B29 -> 0
A30: IMMATERIALI | D30: =C30-B30 -> 0
A31: Attività a vita utile indefinita | B31: ='SP (NON MODIFICARE)'!B23 -> 565881 | C31: ='SP (NON MODIFICARE)'!C23 -> 565934 | D31: =C31-B31 -> 53
A32: Avviamenti a vita utile definita | B32: ='SP (NON MODIFICARE)'!B24 -> 15847 | C32: ='SP (NON MODIFICARE)'!C24 -> 14427 | D32: =C32-B32 -> -1420
A33: Altre attività a vita utile definita | B33: ='SP (NON MODIFICARE)'!B25 -> 23907 | C33: ='SP (NON MODIFICARE)'!C25 -> 21644 | D33: =C33-B33 -> -2263
A34: FINANZIARIE | D34: =C34-B34 -> 0
A35: Partecipazioni | B35: ='SP (NON MODIFICARE)'!B27 -> 20 | C35: ='SP (NON MODIFICARE)'!C27 -> 0 | D35: =C35-B35 -> -20
A36: Investimenti immobiliari | B36: ='SP (NON MODIFICARE)'!B28 -> 25 | C36: ='SP (NON MODIFICARE)'!C28 -> 22 | D36: =C36-B36 -> -3
A37: Attività per derivati | B37: ='SP (NON MODIFICARE)'!B29 -> 2858 | C37: ='SP (NON MODIFICARE)'!C29 -> 2763 | D37: =C37-B37 -> -95
A38: Altre imm. Finanziarie | B38: ='SP (NON MODIFICARE)'!B30 -> 21367 | C38: ='SP (NON MODIFICARE)'!C30 -> 18547 | D38: =C38-B38 -> -2820
D39: =C39-B39 -> 0
A40: TOTALE ATTIVO FISSO | B40: =SUM(B23:B39) -> 847842 | C40: =SUM(C23:C39) -> 832269
D41: =C41-B41 -> 0
A42: Passività per derivati finanziari | B42: ='SP (NON MODIFICARE)'!B47 -> 10733 | C42: ='SP (NON MODIFICARE)'!C47 -> 3656 | D42: =C42-B42 -> -7077 | T42: Attivo | U42: =B13+B40 -> 1609748 | V42: =C13+C40 -> 1594534
A43: ='SP (NON MODIFICARE)'!A48 -> Passività finanziarie | B43: ='SP (NON MODIFICARE)'!B48 -> 263087 | C43: ='SP (NON MODIFICARE)'!C48 -> 212271 | D43: =C43-B43 -> -50816 | T43: Passivo e netto | U43: =B20+B61 -> 1609748 | V43: =C20+C61 -> 1594534 | W43: =V42-V43 -> 0
A44: Altre passività finanziarie | B44: ='SP (NON MODIFICARE)'!B49 -> 15910 | C44: ='SP (NON MODIFICARE)'!C49+2000 -> 17795 | D44: =C44-B44 -> 1885
D45: =C45-B45 -> 0
A46: Fondi Rischi ed Oneri | B46: ='SP (NON MODIFICARE)'!B51 -> 6059 | C46: ='SP (NON MODIFICARE)'!C51-2000 -> 8010 | D46: =C46-B46 -> 1951
A47: ='SP (NON MODIFICARE)'!A52 -> Fondi relativi al personale | B47: ='SP (NON MODIFICARE)'!B52 -> 14787 | C47: ='SP (NON MODIFICARE)'!C52 -> 13157 | D47: =C47-B47 -> -1630
D48: =C48-B48 -> 0
A49: ='SP (NON MODIFICARE)'!A58 -> Capitale sociale | B49: ='SP (NON MODIFICARE)'!B58 -> 66187 | C49: ='SP (NON MODIFICARE)'!C58 -> 66187 | D49: =C49-B49 -> 0
A50: ='SP (NON MODIFICARE)'!A59 -> Riserve di capitale | B50: ='SP (NON MODIFICARE)'!B59 -> 416588 | C50: ='SP (NON MODIFICARE)'!C59 -> 416588 | D50: =C50-B50 -> 0
A51: ='SP (NON MODIFICARE)'!A60 -> Azioni proprie | B51: ='SP (NON MODIFICARE)'!B60 -> 0 | C51: ='SP (NON MODIFICARE)'!C60 -> 0 | D51: =C51-B51 -> 0
A52: Riserva statutaria (di Utili) | B52: ='SP (NON MODIFICARE)'!B61 -> 25505 | C52: ='SP (NON MODIFICARE)'!C61+2007-2005 -> 6362 | D52: =C52-B52 -> -19143
A53: Altre Riserve di Utili | B53: ='SP (NON MODIFICARE)'!B62 -> 492640 | C53: ='SP (NON MODIFICARE)'!C62 -> 526130 | D53: =C53-B53 -> 33490
A54: Risultato di periodo e DIVIDENDI di gruppo | B54: ='SP (NON MODIFICARE)'!B63 -> 86292 | C54: =79000 -> 79000 | D54: =C54-B54 -> -7292
D55: =C55-B55 -> 0
A56: Capitale e riserve di terzi | B56: ='SP (NON MODIFICARE)'!B55 -> 3793 | C56: ='SP (NON MODIFICARE)'!C55 -> 2525 | D56: =C56-B56 -> -1268
D57: =C57-B57 -> 0
A58: Risultato e di terzi e DIVIDENDI | B58: =-'SP (NON MODIFICARE)'!B56 -> 524 | C58: =360 -> 360 | D58: =C58-B58 -> -164
D59: =C59-B59 -> 0
D60: =C60-B60 -> 0
A61: TOTALE | B61: =SUM(B42:B59) -> 1402105 | C61: =SUM(C42:C59) -> 1352041
D62: =C62-B62 -> 0
A63: pass | B63: =B61+B20 -> 1609748 | C63: =C61+C20 -> 1594534
A64: Att | B64: =B40+B13 -> 1609748 | C64: =C40+C13 -> 1594534
A65: Voci di conto economico
A67: Ricavi delle vendite | C67: ='CE (NON MODIFICARE)'!C2 -> 993287 | D67: =C67-B67 -> 993287
A68: Altri ricavi | C68: ='CE (NON MODIFICARE)'!C3 -> 19451 | D68: =C68-B68 -> 19451
A69: Variazione rimanenze PF e SL | C69: ='CE (NON MODIFICARE)'!C4 -> 12871 | D69: =C69-B69 -> 12871
D70: =C70-B70 -> 0
A71: Acquisti materie prime e merci | C71: ='CE (NON MODIFICARE)'!C6-14563+9303 -> 270030 | D71: =C71-B71 -> 270030
A72: Variazione rimanenze Materie prime e merci | C72: -5260 | D72: =-C72 -> 5260
A73: Spese per servizi | C73: ='CE (NON MODIFICARE)'!C7 -> 237871 | D73: =C73-B73 -> 237871
A74: Costi per utilizzo beni di terzi | C74: ='CE (NON MODIFICARE)'!C8 -> 118229 | D74: =C74-B74 -> 118229
A75: Altri oneri operativi | C75: ='CE (NON MODIFICARE)'!C9-1197-606 -> 30385 | D75: =C75-B75 -> 30385
A78: Salari e Stipendi | C78: 145252 | D78: =C78-B78 -> 145252
A79: Oneri Sociali | C79: 40347 | D79: =C79-B79 -> 40347
A80: Accantonamento TFR | C80: 5941 | D80: =C80-B80 -> 5941
D81: =C81-B81 -> 0
A82: Ammortamenti attività immateriali | C82: ='CE (NON MODIFICARE)'!C14 -> 8814 | D82: =C82-B82 -> 8814
A83: Ammortamenti attività materiali | C83: ='CE (NON MODIFICARE)'!C15 -> 35405 | D83: =C83-B83 -> 35405
A84: Accantonamenti a fondi Rischi ed Oneri | C84: ='CE (NON MODIFICARE)'!C16 -> 2060 | D84: =C84-B84 -> 2060
A85: Svalutazione ordinaria Rimanenze PF e SL | C85: 1803 | D85: =C85-B85 -> 1803
D86: =C86-B86 -> 0
A87: Oneri finanziari | C87: =-'CE (NON MODIFICARE)'!C18+664 -> 27205 | D87: =C87-B87 -> 27205
A88: Proventi finanziari | C88: ='CE (NON MODIFICARE)'!C19 -> 17341 | D88: =C88-B88 -> 17341
D89: =C89-B89 -> 0
D90: =C90-B90 -> 0
A91: Svalutazione Avviamento (Gest. Straordinaria) | C91: =-'CE (NON MODIFICARE)'!C25 -> 2453 | D91: =C91-B91 -> 2453
D92: =C92-B92 -> 0
A93: Imposte sul Reddito Ordinario | C93: =-'CE (NON MODIFICARE)'!C28 -> 32535 | D93: =C93-B93 -> 32535
D94: =C94-B94 -> 0
D95: =C95-B95 -> 0
A96: Utile netto d'esercizio | C96: ='CE (NON MODIFICARE)'!C29 -> 79360
D97: =C97-B97 -> 0
A98: Utile di terzi | C98: 360 | D98: =C98-B98 -> 360
A99: Utile d'esercizio del gruppo | C99: 79000 | D99: =C99-B99 -> 79000
E101: =SUM(E5:E99) -> 0 | F101: =SUM(F5:F99) -> 0 | H101: =SUM(H5:H99) -> 0 | I101: =SUM(I5:I99) -> 0 | K101: =SUM(K5:K99) -> 0 | L101: =SUM(L5:L99) -> 0 | N101: =SUM(N5:N99) -> 0 | O101: =SUM(O5:O99) -> 0 | Q101: =SUM(Q5:Q99) -> 0 | R101: =SUM(R5:R99) -> 0
F102: =E101-F101 -> 0
L103: =K101-L101 -> 0 | M103: =L103/2 -> 0 | O103: =N101-O101 -> 0 | R103: =R101-Q101 -> 0
E104: =SUM(E67:E95) -> 0 | F104: =SUM(F67:F95) -> 0 | L104: =L103/2 -> 0 | R104: =R103/2 -> 0
F105: =F104-E104 -> 0 | G105: U | O105: =O103/2 -> 0
A107: RETTIFICHE AI FINI DEI FLUSSI DI CCN | F107: =F105-C96 -> -79360
A108: 1) Rettifica risultato d'esercizio del gruppo | B108: x
...

Sheet REND. CCN
A1: CALCOLO DEL FLUSSO INTERNO DI CAPITALE CIRCOLANTE NETTO AFFERENTE ALLA GESTIONE CORRENTE (metodo diretto)
F3: FLUSSO INTERNO DI CAPITALE CIRCOLANTE NETTO - METODO DIRETTO (Prospetto a Scalare)
A4: IMPIEGHI | C4: FONTI | F4: FONTI (+) / IMPIEGHI (-)
A5: ='Foglio di lavoro'!A71 -> Acquisti materie prime e merci | B5: ='Foglio di lavoro'!K71 -> 0 | C5: ='Foglio di lavoro'!A67 -> Ricavi delle vendite | D5: ='Foglio di lavoro'!L67 -> 0 | F5: =C5 -> Ricavi delle vendite | G5: =D5 -> 0
A6: ='Foglio di lavoro'!A73 -> Spese per servizi | B6: ='Foglio di lavoro'!K73 -> 0 | C6: ='Foglio di lavoro'!A68 -> Altri ricavi | D6: ='Foglio di lavoro'!L68 -> 0 | F6: =C6 -> Altri ricavi | G6: =D6 -> 0
A7: ='Foglio di lavoro'!A74 -> Costi per utilizzo beni di terzi | B7: ='Foglio di lavoro'!K74 -> 0 | C7: ='Foglio di lavoro'!A69 -> Variazione rimanenze PF e SL | D7: ='Foglio di lavoro'!L69 -> 0 | F7: =C7 -> Variazione rimanenze PF e SL | G7: =D7 -> 0
A8: ='Foglio di lavoro'!A75 -> Altri oneri operativi | B8: ='Foglio di lavoro'!K75 -> 0
A9: ='Foglio di lavoro'!A72 -> Variazione rimanenze Materie prime e merci | B9: ='Foglio di lavoro'!K72 -> 0 | F9: =A5 -> Acquisti materie prime e merci | G9: =-B5 -> 0
A10: ='Foglio di lavoro'!A77 -> 0 | F10: =A6 -> Spese per servizi | G10: =-B6 -> 0
A11: ='Foglio di lavoro'!A78 -> Salari e Stipendi | B11: ='Foglio di lavoro'!K78 -> 0 | F11: =A7 -> Costi per utilizzo beni di terzi | G11: =-B7 -> 0
A12: ='Foglio di lavoro'!A79 -> Oneri Sociali | B12: ='Foglio di lavoro'!K79 -> 0 | F12: =A8 -> Altri oneri operativi | G12: =-B8 -> 0
F13: =A9 -> Variazione rimanenze Materie prime e merci | G13: =-B9 -> 0
F14: =A10 -> 0 | G14: =-B10 -> 0
F15: =A11 -> Salari e Stipendi | G15: =-B11 -> 0
F16: =A12 -> Oneri Sociali | G16: =-B12 -> 0
A17: Totale Impieghi | B17: =SUM(B5:B15) -> 0 | C17: Totale fonti | D17: =SUM(D5:D15) -> 0
F18: Autofinanziamento gestione carattersitca | G18: =SUM(G5:G16) -> 0
A19: Autofinanziamento gestione carattersitca (FONTI - IMPIEGHI) | D19: =D17-B17 -> 0
F20: =C22 -> Proventi finanziari | G20: =D22 -> 0
F21: =A22 -> Oneri finanziari | G21: =-B22 -> 0
A22: ='Foglio di lavoro'!A87 -> Oneri finanziari | B22: ='Foglio di lavoro'!K87 -> 0 | C22: Proventi finanziari | D22: ='Foglio di lavoro'!L88 -> 0 | F22: =A23 -> Imposte su Reddito Ordinario | G22: =-B23 -> 0
A23: Imposte su Reddito Ordinario | B23: ='Foglio di lavoro'!K93 -> 0
A25: Totale Impieghi | C25: Totale fonti | F25: Autofinanziamento gestione corrente | G25: =SUM(G18:G23) -> 0
A27: Autofinanziamento gestione CORRENTE | D27: =D19+D22-B22-B23 -> 0 | F27: =A29 -> Gestione Straordinaria | G27: =B29 -> 0
A29: Gestione Straordinaria | B29: 0 | F29: Flusso internodi CCN / Autofinanziamento | G29: =G25+G27 -> 0
A31: Flusso internodi CCN / Autofinanziamento (FONTI - IMPIEGHI) | D31: =D27-B29 -> 0
A34: CALCOLO DEL FLUSSO INTERNO DI CAPITALE CIRCOLANTE NETTO AFFERENTE ALLA GESTIONE CORRENTE (metodo indiretto) | F34: FLUSSO INTERNO DI CAPITALE CIRCOLANTE NETTO - METODO INDIRETTO (Prospetto a Scalare)
F35: FONTI (+) / IMPIEGHI (-)
F36: =C37 -> FONTI
A37: IMPIEGHI | C37: FONTI | F37: =C38 -> Utile d'esercizio del gruppo | G37: =D38 -> 0
C38: ='Foglio di lavoro'!A99 -> Utile d'esercizio del gruppo | D38: ='Foglio di lavoro'!I99 -> 0 | F38: =C39 -> Utile di terzi | G38: =D39 -> 0
A39: Variazione Rim PF e SL | B39: ='Foglio di lavoro'!H69 -> 0 | C39: ='Foglio di lavoro'!A98 -> Utile di terzi | D39: ='Foglio di lavoro'!I98 -> 0 | F39: =C40 -> Imposte sul Reddito Ordinario | G39: =D40 -> 0
A40: Variazione Rim MP e Merci | B40: ='Foglio di lavoro'!H71 -> 0 | C40: ='Foglio di lavoro'!A93 -> Imposte sul Reddito Ordinario | D40: ='Foglio di lavoro'!I94 -> 0 | F40: =C41 -> Imposte sul Reddito Ordinario | G40: =D41 -> 0
B41: ='Foglio di lavoro'!H99 -> 0 | C41: ='Foglio di lavoro'!A93 -> Imposte sul Reddito Ordinario | D41: ='Foglio di lavoro'!I93 -> 0 | F41: =C42 -> Svalutazione Avviamento (Gest. Straordinaria) | G41: =D42 -> 0
C42: ='Foglio di lavoro'!A91 -> Svalutazione Avviamento (Gest. Straordinaria) | D42: ='Foglio di lavoro'!I91 -> 0 | F42: =C43 -> Svalutazione ordinaria Rimanenze PF e SL | G42: =D43 -> 0
C43: ='Foglio di lavoro'!A85 -> Svalutazione ordinaria Rimanenze PF e SL | D43: ='Foglio di lavoro'!I84 -> 0 | F43: =C44 -> Accantonamenti a fondi Rischi ed Oneri | G43: =D44 -> 0
C44: ='Foglio di lavoro'!A84 -> Accantonamenti a fondi Rischi ed Oneri | D44: ='Foglio di lavoro'!I85 -> 0 | F44: =C45 -> Ammortamenti attività materiali | G44: =D45 -> 0
C45: ='Foglio di lavoro'!A83 -> Ammortamenti attività materiali | D45: ='Foglio di lavoro'!I83 -> 0 | F45: =C46 -> Ammortamenti attività immateriali | G45: =D46 -> 0
C46: ='Foglio di lavoro'!A82 -> Ammortamenti attività immateriali | D46: ='Foglio di lavoro'!I82 -> 0 | F46: =C47 -> Accantonamento TFR | G46: =D47 -> 0
C47: ='Foglio di lavoro'!A80 -> Accantonamento TFR | D47: ='Foglio di lavoro'!I80 -> 0 | F47: =C48 -> Variazione Rim MP e Merci | G47: =D48 -> 0
C48: Variazione Rim MP e Merci | D48: ='Foglio di lavoro'!I72 -> 0
F49: IMPIEGHI
F50: =A39 -> Variazione Rim PF e SL | G50: =-B39 -> 0
A51: Totale Impieghi | B51: =SUM(B39:B43) -> 0 | C51: Totale fonti | D51: =SUM(D38:D49) -> 0 | F51: =A40 -> Variazione Rim MP e Merci | G51: =-B40 -> 0
A53: Flusso interno CCN / Autofinanziamento (FONTI - IMPIEGHI) | D53: =D51-B51 -> 0 | F53: Flusso internodi CCN / Autofinanziamento | G53: =SUM(G36:G51) -> 0
C55: Gestione Straordinaria | D55: 0 | F55: =C55 -> Gestione Straordinaria | G55: =-D55 -> 0
A57: Autofinanziamento gestione CORRENTE | D57: =D53+D55 -> 0 | F57: Autofinanziamento gestione corrente | G57: =G53+G55 -> 0
A59: Proventi finanziari | B59: =D22 -> 0 | C59: Oneri finanziari | D59: =B22 -> 0 | F59: =C59 -> Oneri finanziari | G59: =D59 -> 0
C60: Imposte su Reddito Ordinario | D60: =B23 -> 0 | F60: =C60 -> Imposte su Reddito Ordinario | G60: =D60 -> 0
F61: =A59 -> Proventi finanziari | G61: =-B59 -> 0
A63: Autofinanziamento gestione caratteristica (FONTI - IMPIEGHI) | D63: =D57+D59+D60-B59 -> 0 | F63: Autofinanziamento gestione carattersitca | G63: =SUM(G57:G61) -> 0
A67: RENDICONTO DEI FLUSSI COMPLESSIVI DI CCN
A68: IMPIEGHI | C68: FONTI | F68: RENDICONTO DEI FLUSSI COMPLESSIVI DI CCN (PROSPETTO A SCALARE)
A69: ='Foglio di lavoro'!A23 -> Immobili e terreni | B69: ='Foglio di lavoro'!Q23 -> 0 | C69: ='Foglio di lavoro'!A27 -> Opere su beni di terzi | D69: ='Foglio di lavoro'!L27 -> 0
A70: ='Foglio di lavoro'!A25 -> Impianti e macchinari | B70: ='Foglio di lavoro'!Q25 -> 0 | C70: ='Foglio di lavoro'!A29 -> Immobilizzazioni FONTI | D70: ='Foglio di lavoro'!L29 -> 0 | F70: FONTI (+) / IMPIEGHI (-)
A71: ='Foglio di lavoro'!A26 -> Attrezzature | B71: ='Foglio di lavoro'!Q26 -> 0 | C71: ='Foglio di lavoro'!A36 -> Investimenti immobiliari | D71: ='Foglio di lavoro'!L36 -> 0
A72: ='Foglio di lavoro'!A28 -> Altre Imm Materiali | B72: ='Foglio di lavoro'!Q28 -> 0 | C72: ='Foglio di lavoro'!A37 -> Attività per derivati | D72: ='Foglio di lavoro'!L37 -> 0 | F72: =F53 -> Flusso internodi CCN / Autofinanziamento | G72: =D87 -> 0
C73: ='Foglio di lavoro'!A38 -> Altre imm. Finanziarie | D73: ='Foglio di lavoro'!L38 -> 0
A74: ='Foglio di lavoro'!A31 -> Attività a vita utile indefinita | B74: ='Foglio di lavoro'!Q31 -> 0 | C74: ='Foglio di lavoro'!A44 -> Altre passività finanziarie | D74: ='Foglio di lavoro'!L44 -> 0 | F74: =C68 -> FONTI | G74: =D66 -> 0
A75: ='Foglio di lavoro'!A32 -> Avviamenti a vita utile definita | B75: ='Foglio di lavoro'!Q32 -> 0 | F75: =A92 -> Opere su beni di terzi | G75: =B92 -> 0
A76: ='Foglio di lavoro'!A33 -> Altre attività a vita utile definita | B76: ='Foglio di lavoro'!Q33 -> 0 | F76: =A93 -> Immobilizzazioni FONTI | G76: =B93 -> 0
A77: ='Foglio di lavoro'!A35 -> Partecipazioni | B77: ='Foglio di lavoro'!Q35 -> 0 | F77: =A94 -> Investimenti immobiliari | G77: =B94 -> 0
F78: =A95 -> Attività per derivati | G78: =B95 -> 0
A79: ='Foglio di lavoro'!A42 -> Passività per derivati finanziari | B79: ='Foglio di lavoro'!K42 -> 0 | F79: =A96 -> Altre imm. Finanziarie | G79: =B96 -> 0
A80: ='Foglio di lavoro'!A43 -> Passività finanziarie | B80: ='Foglio di lavoro'!K43 -> 0 | F80: =A115 -> Altre passività finanziarie | G80: =B115 -> 0
F82: IMPIEGHI
A83: ='Foglio di lavoro'!A54 -> Risultato di periodo e DIVIDENDI di gruppo | B83: ='Foglio di lavoro'!K54 -> 0 | F83: =A100 -> Immobili e terreni | G83: =-B100 -> 0
A84: ='Foglio di lavoro'!A56 -> Capitale e riserve di terzi | B84: ='Foglio di lavoro'!K58 -> 0 | F84: =A101 -> Impianti e macchinari | G84: =-B101 -> 0
F85: =A102 -> Attrezzature | G85: =-B102 -> 0
A86: Totale Impieghi | B86: =SUM(B69:B84) -> 0 | C86: Totale fonti | D86: =SUM(D69:D83) -> 0 | F86: =A103 -> Altre Imm Materiali | G86: =-B103 -> 0
C87: Autofinanziamento | D87: =D53 -> 0 | F87: =A104 -> Attività a vita utile indefinita | G87: =-B104 -> 0
A88: FLUSSI COMPLESSIVI DI CCN | D88: =(D86+D87)-B86 -> 0 | F88: =A105 -> Avviamenti a vita utile definita | G88: =-B105 -> 0
F89: =A106 -> Altre attività a vita utile definita | G89: =-B106 -> 0
F90: =A107 -> Partecipazioni | G90: =-B107 -> 0
A91: FONTI (DISINVESTIMENTI) | F91: =A120 -> Passività per derivati finanziari | G91: =-B120 -> 0
A92: =C69 -> Opere su beni di terzi | B92: =D69 -> 0 | C92: IMM MATERIALI FONTI | F92: =A121 -> Passività finanziarie | G92: =-B121 -> 0
A93: =C70 -> Immobilizzazioni FONTI | B93: =D70 -> 0 | F93: =A123 -> Risultato di periodo e DIVIDENDI di gruppo | G93: =-B123 -> 0
A94: =C71 -> Investimenti immobiliari | B94: =D71 -> 0 | C94: IMM FINANZIARIE | F94: =A124 -> Capitale e riserve di terzi | G94: =-B124 -> 0
A95: =C72 -> Attività per derivati | B95: =D72 -> 0
A96: =C73 -> Altre imm. Finanziarie | B96: =D73 -> 0
A97: TOT. FONTI | B97: =SUM(B92:B96) -> 0 | F97: RENDICONTO DEI FLUSSI COMPLESSIVI DI CCN | G97: =SUM(G72:G94) -> 0
A99: IMPIEGHI (INVESTIMENTI)
A100: =A69 -> Immobili e terreni | B100: =B69 -> 0 | C100: IMM MATERIALI
A101: =A70 -> Impianti e macchinari | B101: =B70 -> 0
A102: =A71 -> Attrezzature | B102: =B71 -> 0
A103: =A72 -> Altre Imm Materiali | B103: =B72 -> 0
A104: =A74 -> Attività a vita utile indefinita | B104: =B74 -> 0 | C104: IMM FINANAZIARIE
A105: =A75 -> Avviamenti a vita utile definita | B105: =B75 -> 0
A106: =A76 -> Altre attività a vita utile definita | B106: =B76 -> 0
A107: =A77 -> Partecipazioni | B107: =B77 -> 0 | C107: IMM FINANZIARIE
A109: TOT. INVESTIMENTI | B109: =SUM(B100:B107) -> 0
A111: FLUSSO CCN ATT. INVESTIMENTO | B111: =B97-B109 -> 0
A114: FONTI di FINANZIAMENTO
A115: =C74 -> Altre passività finanziarie | B115: =D74 -> 0 | C115: deb a m/l termine
A117: TOT FONTI | B117: =SUM(B115:B116) -> 0
A119: IMPIEGHI (RIMBORSI)
A120: =A79 -> Passività per derivati finanziari | B120: =B79 -> 0 | C120: RIMB CAP DI TERZI
A121: =A80 -> Passività finanziarie | B121: =B80 -> 0
A123: =A83 -> Risultato di periodo e DIVIDENDI di gruppo | B123: =B83 -> 0 | C123: REMUNERAZIONE CAPITALE DI PROPRIETA'
A124: =A84 -> Capitale e riserve di terzi | B124: =B84 -> 0
...

Sheet REND. CF
A1: CF OPERATIVO (metodo diretto)
A4: IMPIEGHI | C4: FONTI
A5: ='Foglio di lavoro'!A71 -> Acquisti materie prime e merci | B5: ='Foglio di lavoro'!Q71 -> 0 | C5: ='Foglio di lavoro'!A67 -> Ricavi delle vendite | D5: ='Foglio di lavoro'!R67 -> 0
A6: ='Foglio di lavoro'!A73 -> Spese per servizi | B6: ='Foglio di lavoro'!Q73 -> 0 | C6: ='Foglio di lavoro'!A68 -> Altri ricavi | D6: ='Foglio di lavoro'!R68 -> 0
A7: ='Foglio di lavoro'!A74 -> Costi per utilizzo beni di terzi | B7: ='Foglio di lavoro'!Q74 -> 0
A8: ='Foglio di lavoro'!A75 -> Altri oneri operativi | B8: ='Foglio di lavoro'!Q75 -> 0
A9: ='Foglio di lavoro'!A78 -> Salari e Stipendi | B9: ='Foglio di lavoro'!Q78 -> 0
A10: ='Foglio di lavoro'!A79 -> Oneri Sociali | B10: ='Foglio di lavoro'!Q79 -> 0
A11: Fondi Relativi al Personale | B11: ='Foglio di lavoro'!Q47 -> 0
A12: ='Foglio di lavoro'!A46 -> Fondi Rischi ed Oneri | B12: ='Foglio di lavoro'!Q46 -> 0
A14: Totale Impieghi | B14: =SUM(B5:B13) -> 0 | C14: Totale fonti | D14: =SUM(D5:D13) -> 0
A16: CF gestione caratteristica / industriale | D16: =D14-B14 -> 0
A18: Oneri finanziari | B18: ='Foglio di lavoro'!Q87 -> 0 | C18: Proventi finanziari | D18: ='Foglio di lavoro'!R88 -> 0
A19: Imposte su Reddito Ordinario | B19: ='Foglio di lavoro'!Q93 -> 0
A21: Totale Impieghi | B21: =SUM(B18:B18)+B14+B19 -> 0 | C21: Totale fonti | D21: =+D14+D18 -> 0
C22: =D20-B20 -> 0
A23: CF gestione corrente (gestione caratteristica + accessoria) | D23: =D21-B21 -> 0
C25: Risultato gestione straordinaria (entrate) | D25: ='REND. CCN'!D23 -> 0
A27: Totale Impieghi | B27: =SUM(B25) -> 0 | C27: Totale fonti | D27: =SUM(D23:D23)+D25 -> 0
C28: =D26-B26 -> 0
A29: CF OPERATIVO | D29: =D27-B27 -> 0
A31: ENTRATE
A32: =C5 -> Ricavi delle vendite | B32: =D5 -> 0
A33: =C6 -> Altri ricavi | B33: =D6 -> 0
A36: Entrara connesse ai ricavi gest caratt. | B36: =SUM(B32:B35) -> 0
A38: USCITE
A39: =A5 -> Acquisti materie prime e merci | B39: =-B5 -> 0
A40: =A6 -> Spese per servizi | B40: =-B6 -> 0
A41: =A7 -> Costi per utilizzo beni di terzi | B41: =-B7 -> 0
A42: =A8 -> Altri oneri operativi | B42: =-B8 -> 0
A43: =A9 -> Salari e Stipendi | B43: =-B9 -> 0
A44: =A10 -> Oneri Sociali | B44: =-B10 -> 0
A45: Fondi relativi ai dipendenti | B45: =-B11 -> 0
A46: =A12 -> Fondi Rischi ed Oneri | B46: =-B12 -> 0
A48: Uscite connesse ai costi di gest. Caratt | B48: =SUM(B39:B47) -> 0
A50: Uscite connesse alle imposte | B50: =-B19 -> 0
A51: =C25 -> Risultato gestione straordinaria (entrate) | B51: =D25 -> 0
A52: Uscite per Oneri Straordinari | B52: =-B18 -> 0
A53: Entrate per Proventi finanziari | B53: =D18 -> 0
A55: CF OPERATIVO | B55: =B36+B48+B50+B51+B52+B53 -> 0
A57: CF OPERATIVO (metodo indiretto) | F57: FLUSSO INTERNO DI CAPITALE CIRCOLANTE NETTO - METODO INDIRETTO (Prospetto a Scalare)
F58: FONTI (+) / IMPIEGHI (-)
A60: IMPIEGHI | C60: FONTI | F60: =C60 -> FONTI
A61: ='REND. CCN'!A39 -> Variazione Rim PF e SL | B61: ='REND. CCN'!B39 -> 0 | C61: ='REND. CCN'!C38 -> Utile d'esercizio del gruppo | D61: ='REND. CCN'!D38 -> 0 | F61: =C61 -> Utile d'esercizio del gruppo | G61: =D61 -> 0
A62: ='REND. CCN'!A40 -> Variazione Rim MP e Merci | B62: ='REND. CCN'!B40 -> 0 | C62: ='REND. CCN'!C39 -> Utile di terzi | D62: ='REND. CCN'!D39 -> 0 | F62: =C62 -> Utile di terzi | G62: =D62 -> 0
B63: ='REND. CCN'!B41 -> 0 | C63: ='REND. CCN'!C40 -> Imposte sul Reddito Ordinario | D63: ='REND. CCN'!D40 -> 0 | F63: =C63 -> Imposte sul Reddito Ordinario | G63: =D63 -> 0
C64: ='REND. CCN'!C41 -> Imposte sul Reddito Ordinario | D64: ='REND. CCN'!D41 -> 0 | F64: =C64 -> Imposte sul Reddito Ordinario | G64: =D64 -> 0
C65: ='REND. CCN'!C42 -> Svalutazione Avviamento (Gest. Straordinaria) | D65: ='REND. CCN'!D42 -> 0 | F65: =C65 -> Svalutazione Avviamento (Gest. Straordinaria) | G65: =D65 -> 0
C66: ='REND. CCN'!C43 -> Svalutazione ordinaria Rimanenze PF e SL | D66: ='REND. CCN'!D43 -> 0 | F66: =C66 -> Svalutazione ordinaria Rimanenze PF e SL | G66: =D66 -> 0
C67: ='REND. CCN'!C44 -> Accantonamenti a fondi Rischi ed Oneri | D67: ='REND. CCN'!D44 -> 0 | F67: =C67 -> Accantonamenti a fondi Rischi ed Oneri | G67: =D67 -> 0
C68: ='REND. CCN'!C45 -> Ammortamenti attività materiali | D68: ='REND. CCN'!D45 -> 0 | F68: =C68 -> Ammortamenti attività materiali | G68: =D68 -> 0
C69: ='REND. CCN'!C46 -> Ammortamenti attività immateriali | D69: ='REND. CCN'!D46 -> 0 | F69: =C69 -> Ammortamenti attività immateriali | G69: =D69 -> 0
C70: ='REND. CCN'!C47 -> Accantonamento TFR | D70: ='REND. CCN'!D47 -> 0 | F70: =C70 -> Accantonamento TFR | G70: =D70 -> 0
C71: ='REND. CCN'!C48 -> Variazione Rim MP e Merci | D71: ='Foglio di lavoro'!I72 -> 0 | F71: =C71 -> Variazione Rim MP e Merci | G71: =D71 -> 0
C72: ='REND. CCN'!C49 -> 0
A74: Totale Impieghi | B74: =SUM(B61:B69) -> 0 | C74: Totale fonti | D74: =SUM(D61:D72) -> 0 | F74: IMPIEGHI
F75: =A61 -> Variazione Rim PF e SL | G75: =-B61 -> 0
A76: Flusso interno di CCN (Autofinanziamento) | D76: =D74-B74 -> 0 | F76: =A62 -> Variazione Rim MP e Merci | G76: =-B62 -> 0
A78: IMPIEGHI | C78: FONTI | F78: Flusso internodi CCN / Autofinanziamento | G78: =SUM(G59:G76) -> 0
A79: Δ | C79: Δ
A80: ='REND. CCN'!A140 -> Crediti tributari | B80: ='REND. CCN'!B140 -> 0 | C80: ='REND. CCN'!C140 -> Crediti commerciali | D80: ='REND. CCN'!D140 -> 0 | F80: RILASCI (+) / ASSORBIMENTI (-) DEL CCN
A81: ='REND. CCN'!A141 -> Altre attività commerciali | B81: ='REND. CCN'!B141 -> 0 | C81: ='REND. CCN'!C141 -> Debiti commerciali | D81: ='REND. CCN'!D141 -> 0
C82: ='REND. CCN'!C142 -> Altre passività commericiali (servizi) | D82: ='REND. CCN'!D142 -> 0 | F82: =C80 -> Crediti commerciali | G82: =D80 -> 0
A83: ='REND. CCN'!A143 -> Rimanenze PF e Semilav. | B83: ='REND. CCN'!B143 -> 0 | C83: Rimanenze MP e Merci | D83: ='Foglio di lavoro'!N10 -> 0 | F83: =C81 -> Debiti commerciali | G83: =D81 -> 0
A84: ='REND. CCN'!A144 -> Debiti tributari | B84: ='REND. CCN'!B144 -> 0 | F84: =C82 -> Altre passività commericiali (servizi) | G84: =D82 -> 0
A85: ='REND. CCN'!A145 -> Fondi Rischi ed Oneri | B85: ='REND. CCN'!B145 -> 0 | F85: =C83 -> Rimanenze MP e Merci | G85: =D83 -> 0
A86: Fondi Relativi al Personale | B86: ='Foglio di lavoro'!Q47 -> 0
F87: =A80 -> Crediti tributari | G87: =-B80 -> 0
A88: Totale Impieghi | B88: =SUM(B80:B86) -> 0 | C88: Totale fonti | D88: =SUM(D80:D86)+D76 -> 0 | F88: =A81 -> Altre attività commerciali | G88: =-B81 -> 0
F89: =A83 -> Rimanenze PF e Semilav. | G89: =-B83 -> 0
F90: =A84 -> Debiti tributari | G90: =-B84 -> 0
A91: CF OPERATIVO | D91: =(D88+D90)-B88 -> 0 | F91: =A85 -> Fondi Rischi ed Oneri | G91: =-B85 -> 0
F92: =A86 -> Fondi Relativi al Personale | G92: =-B86 -> 0
A93: Gestione straordinaria | B93: =D25 -> 0
A95: CF gestione corrente (gestione caratteristica + accessoria) | D95: =D91-B93 -> 0 | F95: CF OPERATIVO | G95: =SUM(G78:G93) -> 0
A97: Proventi finanziari | B97: =D18 -> 0 | C97: Oneri finanziari | D97: =B18 -> 0 | F97: =A93 -> Gestione straordinaria | G97: =-B93 -> 0
C98: Imposte su Reddito Ordinario | D98: =B19 -> 0
F99: CF GESTIONE CORRENTE | G99: =G95+G97 -> 0
A100: CF gestione caratteristica / industriale | D100: =D95+D97-B97+D98 -> 0
F101: =C97 -> Oneri finanziari | G101: =D97 -> 0
F102: =C98 -> Imposte su Reddito Ordinario | G102: =D98 -> 0
A103: IMPIEGHI (INVESTIMENTI) | F103: =A97 -> Proventi finanziari | G103: =-B97 -> 0
A104: Immobili e terreni | B104: ='Foglio di lavoro'!Q23 -> 0 | C104: IMM MATERIALI
A105: Impianti e macchinari | B105: ='Foglio di lavoro'!Q25 -> 0 | F105: CF GESTIONE CARATTERISTICA | G105: =SUM(G99:G103) -> 0
A106: Attrezzature | B106: ='Foglio di lavoro'!Q26 -> 0
A107: Altre | B107: ='Foglio di lavoro'!Q28 -> 0
A109: Attività a vita utile indefinita | B109: ='Foglio di lavoro'!Q31 -> 0 | C109: IMM IMMATERIALI
A110: Avviamenti a vita utile definita | B110: ='Foglio di lavoro'!Q32 -> 0
A111: Altre attività a vita utile definita | B111: ='Foglio di lavoro'!Q33 -> 0
A112: Partecipazioni | B112: ='Foglio di lavoro'!Q35 -> 0 | C112: IMM FINANAZIARIE
A115: TOT. INVESTIMENTI | B115: =SUM(B104:B114) -> 0
A117: FONTI (DISINVESTIMENTI)
A118: Opere su beni di terzi | B118: ='Foglio di lavoro'!R27 -> 0 | C118: IMM MATERIALI FONTI
A119: Immobilizzazioni FONTI | B119: ='Foglio di lavoro'!R29 -> 0
A120: Investimenti immobiliari | B120: ='Foglio di lavoro'!R36 -> 0 | C120: IMM FINANZIARIE
A121: Attività per derivati | B121: ='Foglio di lavoro'!R37 -> 0
A122: Altre IMM FINANZIARIE | B122: ='Foglio di lavoro'!R38 -> 0
A126: TOT. FONTI | B126: =SUM(B118:B125) -> 0
A128: FLUSSO CCN ATT. INVESTIMENTO | B128: =SUM(B118:B125)-SUM(B104:B114) -> 0
A131: FONTI di FINANZIAMENTO
...

Sheet CE (NON MODIFICARE)
B1: 2016 | C1: 2017
A2: Ricavi delle vendite | B2: 1004021 | C2: 993287 | D2: 0.96753545
A3: Altri ricavi | B3: 11026 | C3: 19451 | D3: 0.019536786
A4: Variazione rimanenze PF e SL | B4: -31146 | C4: 12871 | D4: 0.012927766
A5: VALORE DELLA PRODUZIONE REALIZZATA | B5: 983901 | C5: 995609 | D5: 1
A6: Costi materie prime | B6: 238625 | C6: 275290 | D6: 0.25641592
A7: Spese per servizi | B7: 228894 | C7: 237871 | D7: 0.2389201
A8: Costi per utilizzo beni di terzi | B8: 117370 | C8: 118229 | D8: 0.11875043
A9: Altri oneri operativi | B9: 32698 | C9: 32188 | D9: 0.032329961
A10: Costi esterni produzione industriale realizzata | B10: 617587 | C10: 643578 | D10: 0.64641641
A11: VALORE AGGIUNTO LORDO GESTIONE INDUSTRIALE | B11: 366314 | C11: 352031 | D11: 0.35358359
A12: Costi per il personale: | B12: 186208 | C12: 191540 | D12: 0.19238476
A13: MARGINE OPERATIVO LORDO | B13: 180106 | C13: 160491 | D13: 0.16119882
... A29: UTILE NETTO D'ESERCIZIO | B29: 85766 | C29: 79360 | D29: 0.069665903
A30: Attribuibile a:
A31: Azionisti della Capogruppo | B31: 86292 | C31: 81007 | D31: 0.071320167
A32: Azionisti Minoranza | B32: 524 | C32: 1645 | D32: 0.0016522551

Sheet SP (NON MODIFICARE)
A1: STATO PATRIMONIALE PER FUNZIONI
A2: ATTIVO
A3: INVESTIMENTI | B3: 2016 | C3: 2017
B4: € | C4: €
A5: Disponibilità liquide | B5: 227706 | C5: 230609
A6: Totale disponibilità liquide | B6: 227706 | C6: 230609
A7: Crediti commerciali | B7: 118142 | C7: 103471
A8: Totale crediti commerciali | B8: 118142 | C8: 112471
A9: Crediti tributari | B9: 28646 | C9: 29805
A10: Altre | B10: 36635 | C10: 48706
A11: Attività fiscali differite | B11: 58885 | C11: 50411
A12: Totale altri crediti operativi | B12: 124166 | C12: 118922
A13: Totale crediti operativi | B13: 242308 | C13: 226393
A14: Rimanenze | B14: 291892 | C14: 312263
A15: Totale rimanenze | B15: 291892 | C15: 312263
A16: ATTIVO CIRCOLANTE | B16: 761906 | C16: 760265
... A34: TOTALE ATTIVO | B34: 1608700 | C34: 1584534
A37: PASSIVO
A38: FONTI DI FINANZIAMENTO | B38: 2016 | C38: 2017
B39: € | C39: €
A40: Debiti commerciali | B40: 130804 | C40: 158388
A41: Totale debiti commerciali | B41: 130804 | C41: 158388
A42: Debiti tributari | B42: 8241 | C42: 7932
A43: Altre | B43: 35859 | C43: 38205
A44: Passività fiscali differite | B44: 32739 | C44: 37968
A45: Totale altre passività operative | B45: 76839 | C45: 84105
A46: TOTALE DEBITI OPERATIVI | B46: 207643 | C46: 242493
A47: Passività per derivati | B47: 10733 | C47: 3656
A48: Passività finanziarie | B48: 263087 | C48: 212271
A49: Altre | B49: 15910 | C49: 15795
A50: TOTALE DEBITI DI FINANZIAMENTO | B50: 289730 | C50: 231722
A51: Accantonamenti per rischi | B51: 6059 | C51: 10010
... A67: TOTALE FONTI DI FINANZIAMENTO | B67: 1608700 | C67: 1584534
